 Dungeon Crawl Stone Soup version 0.20-a0-1018-ge435b50 (webtiles) character file.

12683 Megalobster the Cleaver (level 11, -15/102 HPs)
             Began as a Minotaur Berserker on Apr 17, 2017.
             Was a High Priest of Trog.
             Killed from afar by a starcursed mass (18 damage)
             ... with an accursed screaming
             ... while paralysed by accursed screaming
             ... on level 2 of the Abyss.
             The game lasted 00:41:00 (10953 turns).

Megalobster the Cleaver (Minotaur Berserker)       Turns: 10953, Time: 00:41:02

Health: -15/102    AC: 14    Str: 26    XL:     11   Next: 65%
Magic:  10/10      EV:  2    Int:  4    God:    Trog [*****.]
Gold:   688        SH:  0    Dex: 11    Spells: 10/10 levels left

rFire    + . .     SeeInvis .   p - +7 flail of Karma {crush, rC+ Stlth+}
rCold    + + .     Gourm    +   J - +0 buckler
rNeg     . . .     Faith    .   D - +0 plate armour
rPois    .         Spirit   .   (helmet restricted)
rElec    .         Reflect  .   t - scarf {rC+ rF+}
rCorr    .         Harm     .   (no gloves)
MR       ++...                  Q - +0 pair of boots
Stlth    ..........             w - amulet of the gourmand
Regen    1.3/turn               B - ring of stealth
MPRegen  0.2/turn               l - +2 ring of strength

@: paralysed, about to teleport, regenerating
A: retaliatory headbutt, horns 2
a: Berserk, Trog's Hand, Brothers in Arms, Burn Spellbooks, Renounce Religion


You were on level 2 of the Abyss.
You worshipped Trog.
Trog was extremely pleased with you.
You were not hungry.

You visited 1 branch of the dungeon, and saw 11 of its levels.
You visited the Abyss 1 time.

You collected 688 gold pieces.

Inventory:

Hand Weapons
 d - the +4 eveningstar "Kekial" {vamp, rF++ Dex-5}
   (You found it on level 11 of the Dungeon)

   It inflicts no extra harm, but heals its wielder when it wounds a living foe.
   It affects your dexterity (-5).
   It greatly protects you from fire.
 p - the +7 flail of Karma (weapon) {crush, rC+ Stlth+}
   (You found it on level 10 of the Dungeon)

   It inflicts extra damage upon your enemies.
   It protects you from cold.
   It makes you more stealthy.
 I - a +1 war axe of holy wrath
 S - a cursed +0 battleaxe
 T - a +0 battleaxe
 V - a +2 hand axe of flaming
 W - the +2 morningstar of Destiny {distort, rPois Int+2}
   (You found it on level 9 of the Dungeon)

   It warps and distorts space around it.
   Unwielding it can cause banishment or high damage.
   It affects your intelligence (+2).
   It protects you from poison.
Missiles
 e - 2 throwing nets
 g - 7 tomahawks (quivered)
 h - 243 stones
 o - 7 poisoned tomahawks
 F - 8 tomahawks of dispersal
 H - 3 tomahawks of returning
 X - 12 javelins
Armour
 a - a +0 chain mail
 m - a +2 ring mail of poison resistance
 s - a +1 scale mail
 t - a scarf of resistance (worn)
 x - +0 acid dragon scales
 A - a +3 chain mail
 D - a +0 plate armour (worn)
 J - a +0 buckler (worn)
 M - a +2 leather armour of fire resistance
 Q - a +0 pair of boots (worn)
Jewellery
 k - an uncursed ring of positive energy
 l - a +2 ring of strength (right hand)
 w - an amulet of the gourmand (around neck)
 y - an uncursed ring of protection from cold
 B - a ring of stealth (left hand)
 Y - a +2 amulet of reflection {unknown}
Scrolls
 b - a scroll of enchant armour
 j - 4 scrolls of teleportation
 n - 2 scrolls of magic mapping
 r - a scroll of identify
 u - 2 scrolls of fog {unknown}
 v - a scroll of noise {unknown}
 z - a scroll of enchant weapon {unknown}
 E - 3 scrolls of amnesia {unknown}
 G - a scroll of blinking {unknown}
 O - a scroll of immolation
 R - a scroll of fear {unknown}
Potions
 q - 4 potions of might
 K - a potion of resistance {unknown}
 L - 3 potions of lignification
 N - a potion of heal wounds
 P - a potion of agility {unknown}
 U - a potion of haste {unknown}
Comestibles
 c - 9 bread rations
 f - 11 royal jellies
 i - 6 meat rations


   Skills:
 + Level 11.1 Fighting
 * Level 14.7 Axes
 - Level 5.1 Throwing
 + Level 6.1 Armour
 - Level 2.1 Dodging
 + Level 9.6 Shields


You had 10 spell levels left.
You didn't know any spells.

Dungeon Overview and Level Annotations

Branches:
Dungeon (11/15)            Temple (0/1) D:6            Lair (0/6) D:10
    Orc (0/2) D:10

Altars:
Fedhas
Vehumet

Shops:
D:5 :   D:11 %


Innate Abilities, Weirdness & Mutations

You reflexively headbutt those who attack you in melee.
You have a pair of horns on your head.


Message History

You can move again.
You block the raiju's attack.
You feel much better. The raiju bites you! The raiju shocks you!
* * * LOW HITPOINT WARNING * * *
You block the raiju's attack.
The raiju bursts into living lightning!
The living lightning hits you!
* * * LOW HITPOINT WARNING * * *
The raiju blinks!
A starcursed mass splits.
You block the starcursed mass's attack. The raiju bites you but does no damage.
A cacophony of accursed wailing tears at your sanity!
* * * LOW HITPOINT WARNING * * *
You suddenly lose the ability to move!
The starcursed mass engulfs you but does no damage.
The raiju bites you but does no damage. The raiju bites you.
* * * LOW HITPOINT WARNING * * *
The raiju shocks you!
* * * LOW HITPOINT WARNING * * *
A cacophony of accursed wailing tears at your sanity!
You die...

#.#. ..# ##.#
#..#### #.
#.#..X#.# .
.#.ยง...# # #.##.X#
#..Xhh# ###
#.#.XXX@#
###.#..#X#X#.X#
#.#.#..#...X#.....#
# . X....#######.#
X. #X..#### X..
#..### ... .## ..##


You could see 9 starcursed masses, a large abomination and 2 raiju.

Vanquished Creatures
  Harold (D:11)
  The ghost of Ratty the Archer, a novice MiBe of Trog (D:10)
  4 two-headed ogres
  A manticore (D:11)
  A guardian serpent (D:9)
  A gargoyle (D:11)
  A troll (D:11)
  A hippogriff (D:11)
  5 yaks (D:10)
  4 hogs (D:7)
  A human (D:7)
  The ghost of Monsterracer the Ruffian, an amateur TrMo (D:4)
  A hungry ghost (D:7)
  A water moccasin (D:11)
  An acid dragon (D:11)
  2 ice beasts
  3 orc warriors
  5 sky beasts
  3 phantoms
  3 black bears
  A necrophage (D:10)
  7 ogres
  7 centaurs
  5 bullfrogs
  A water moccasin zombie (D:5)
  3 killer bees (D:9)
  3 scorpions
  4 wights (D:11)
  7 howler monkeys
  4 jellies
  4 crimson imps
  A centaur zombie (D:7)
  A bullfrog zombie (D:6)
  6 hounds
  4 orc priests
  2 bullfrog skeletons
  4 centaur skeletons
  3 iguanas
  9 orc wizards
  11 worker ants
  A hound skeleton (D:6)
  11 adders
  4 shadow imps
  2 oozes
  4 adder skeletons
  A worm (D:2)
  2 dart slugs
  4 leopard geckos
  38 orcs
  A giant cockroach (D:1)
  13 hobgoblins
  19 jackals
  5 quokkas
  4 ball pythons
  2 ball python skeletons (D:4)
  7 bats
  6 frilled lizards
  4 goblins
  2 jackal zombies (D:7)
  7 kobolds
  A leopard gecko zombie (D:5)
  A quokka skeleton (D:4)
  9 rats
276 creatures vanquished.

Vanquished Creatures (others)
  2 frilled lizards (D:3)
2 creatures vanquished.

Grand Total: 278 creatures vanquished

Notes
Turn   | Place    | Note
-------+----------+-------------------------------------------
     0 | D:1      | Megalobster the Minotaur Berserker began the quest for the Orb.
     0 | D:1      | Reached XP level 1. HP: 19/19 MP: 0/0
   122 | D:1      | Reached skill level 4 in Axes
   123 | D:1      | Reached XP level 2. HP: 25/27 MP: 1/1
   300 | D:1      | Reached ** piety under Trog
   495 | D:1      | Reached XP level 3. HP: 30/33 MP: 2/2
  1033 | D:2      | Reached skill level 5 in Axes
  1210 | D:2      | Reached XP level 4. HP: 41/41 MP: 3/3
  1688 | D:2      | Reached *** piety under Trog
  1797 | D:2      | Found a blossoming altar of Fedhas.
  2073 | D:3      | Reached skill level 5 in Fighting
  2307 | D:3      | Found a radiant altar of Vehumet.
  2340 | D:3      | Reached XP level 5. HP: 48/48 MP: 4/4
  2349 | D:3      | Reached skill level 6 in Axes
  2951 | D:4      | Reached skill level 7 in Axes
  2951 | D:4      | Reached XP level 6. HP: 56/56 MP: 5/5
  3096 | D:4      | Reached **** piety under Trog
  3218 | D:4      | Noticed an orc warrior
  3226 | D:4      | Killed an orc warrior
  3226 | D:4      | Reached skill level 8 in Axes
  3226 | D:4      | Reached skill level 1 in Shields
  3279 | D:4      | Reached XP level 7. HP: 46/63 MP: 6/6
  3433 | D:4      | Noticed Monsterracer's ghost (amateur TrMo)
  3446 | D:4      | Killed Monsterracer's ghost
  3876 | D:5      | Entered Level 5 of the Dungeon
  3917 | D:5      | Reached skill level 9 in Axes
  4143 | D:5      | Found Xiumn's Book Boutique.
  4269 | D:5      | Reached XP level 8. HP: 71/71 MP: 7/7
  4968 | D:5      | Reached skill level 10 in Axes
  5640 | D:6      | Found a staircase to the Ecumenical Temple.
  5958 | D:6      | Reached skill level 1 in Throwing
  6359 | D:7      | Reached skill level 5 in Shields
  6470 | D:7      | Reached XP level 9. HP: 81/81 MP: 8/8
  6600 | D:7      | Reached skill level 11 in Axes
  7173 | D:8      | Reached skill level 12 in Axes
  7504 | D:8      | Gained mutation: You evolve. [mutagenic meat]
  7841 | D:9      | Got a shimmering morningstar
  7870 | D:9      | Reached ***** piety under Trog
  7932 | D:9      | Lost mutation: You evolve. [evolution]
  7935 | D:9      | Reached XP level 10. HP: 82/91 MP: 9/9
  8012 | D:9      | Noticed a guardian serpent
  8021 | D:9      | Killed a guardian serpent
  8213 | D:9      | Noticed a two-headed ogre
  8218 | D:9      | Killed a two-headed ogre
  8218 | D:9      | Reached skill level 5 in Throwing
  8648 | D:10     | Entered Level 10 of the Dungeon
  8717 | D:10     | Got a bloodstained flail
  8793 | D:10     | Noticed Ratty's ghost (novice MiBe)
  8802 | D:10     | Killed Ratty's ghost
  8802 | D:10     | Reached skill level 13 in Axes
  8987 | D:10     | Received a gift from Trog
  9140 | D:10     | Found a staircase to the Lair.
  9224 | D:10     | Reached skill level 10 in Fighting
  9281 | D:10     | Noticed a two-headed ogre
  9289 | D:10     | Killed a two-headed ogre
  9300 | D:10     | Noticed a two-headed ogre
  9303 | D:10     | Found a staircase to the Orcish Mines.
  9309 | D:10     | Reached XP level 11. HP: 49/101 MP: 10/10
  9309 | D:10     | Killed a two-headed ogre
  9710 | D:11     | Noticed Harold
  9728 | D:11     | Killed Harold
  9728 | D:11     | Reached skill level 5 in Armour
  9732 | D:11     | Reached skill level 14 in Axes
  9774 | D:11     | Got a smoking eveningstar
  9806 | D:11     | Received a gift from Trog
 10291 | D:11     | Noticed a two-headed ogre
 10299 | D:11     | Killed a two-headed ogre
 10713 | D:11     | Found Hotopry's Food Shop.
 10811 | D:10     | Identified the +4 eveningstar "Kekial" {vamp, rF++ Dex-5} (You found it on level 11 of the Dungeon)
 10812 | D:10     | Identified the cursed +2 morningstar of Destiny {distort, rPois Int+2} (You found it on level 9 of the Dungeon)
 10866 | D:10     | Identified the +7 flail of Karma {crush, rC+ Stlth+} (You found it on level 10 of the Dungeon)
 10866 | D:10     | Cast into level 2 of the Abyss (a distortion unwield)
 10907 | Abyss:2  | Noticed a starcursed mass
 10921 | Abyss:2  | Noticed a starcursed mass
 10925 | Abyss:2  | Paralysed by accursed screaming for 1 turns
 10946 | Abyss:2  | Paralysed by accursed screaming for 1 turns
 10952 | Abyss:2  | Paralysed by accursed screaming for 2 turns
 10953 | Abyss:2  | HP: 3/102 [raiju (7)]
 10953 | Abyss:2  | Killed from afar by a starcursed mass

Vault maps used:
D:1:      nagdon_arrival_double_spiral
D:2:      serial_co_window_serial, co_window_corner_a,
          co_window_of_opportunity_a, co_window_paths_b, co_window_cross_1,
          co_window_of_opportunity_a, co_window_of_opportunity_c,
          co_window_broadway_a, co_window_broadway_b,
          co_window_of_opportunity_c, co_window_4corner_b, glass_columns_a,
          glass_columns_c, glass_columns_a, glass_columns_a, glass_columns_b,
          fedhas_altar_3
D:3:      fiery_altar_vehumet, interstate_on_off
D:4:      first_bread
D:5:      serial_shops, shop
D:6:      temple_pool_b, grunt_ministairs_10
D:7:      grunt_decor_one_mirror, grunt_livestock
D:8:      minmay_misc_feat_pillars
D:9:      nrook_guardian_serpent_ordinary
D:10:     lair_entry_dummy, orc_0_dummy
D:11:     serial_shops, nicolae_shop_trees, uniq_harold

Skill      XL: |  1  2  3  4  5  6  7  8  9 10 11 |
---------------+----------------------------------+-----
Axes           | 4 5 7 8 9 10 12 13 14 | 14.7
Fighting       | 4 5 6 7 9 10 11 | 11.1
Shields        | 1 3 5 7 8 9 |  9.6
Throwing       | 2 4 5 |  5.1
Armour         | 4 6 |  6.1
Dodging        | |  2.1

Action                   |  1- 3 |  4- 6 |  7- 9 | 10-12 || total
-------------------------+-------+-------+-------+-------++-------
Melee: Hand axe          |    72 |    72 |       |       ||   144
       Headbutt          |     9 |    14 |    52 |    43 ||   118
       War axe           |       |    18 |   234 |   190 ||   442
Throw: Tomahawk          |       |       |    11 |       ||    11
       Stone             |       |       |     1 |       ||     1
Invok: Burn Spellbooks   |       |     2 |     1 |     1 ||     4
       Berserk           |       |     5 |     3 |    11 ||    19
       Trog's Hand       |       |     2 |     3 |     6 ||    11
  Use: Scroll            |       |       |    11 |     4 ||    15
       Potion            |       |       |       |     1 ||     1
 Stab: Sleeping          |       |     3 |     1 |       ||     4
  Eat: Chunk             |     1 |    12 |    22 |    22 ||    57
       Fruit             |       |       |     4 |       ||     4
       Meat ration       |       |       |     1 |       ||     1
Armor: Animal skin       |    10 |       |       |       ||    10
       Leather armour    |     9 |    29 |     5 |       ||    43
       Scale mail        |       |       |    47 |    28 ||    75
       Ring mail         |       |       |       |    35 ||    35
       Plate armour      |       |       |       |     5 ||     5
Dodge: Dodged            |    55 |    61 |    83 |    82 ||   281
Block: Buckler           |       |     5 |    37 |    51 ||    93
